 Dungeon Crawl Stone Soup version 0.13-a0-1502-g99810c3 (webtiles) character file.

240 Kae the Vexing (level 4, -2/21 HPs)
             Began as a Spriggan Enchanter on June 9, 2013.
             Shot with an arrow by a centaur (9 damage)
             ... on Level 3 of the Dungeon.
             The game lasted 00:02:33 (2566 turns).

Kae the Vexing (Spriggan Enchanter)                 Turns: 2566, Time: 00:02:33

HP  -2/21        AC  3     Str  5      XL: 4   Next: 34%
MP  12/12        EV 18     Int 16      God:
Gold 149         SH  0     Dex 16      Spells:  2 memorised,  5 levels left

Res.Fire  : . . .   See Invis. : +   a - +1 dagger {=f}
Res.Cold  : . . .   Warding    : .   b - +1 robe
Life Prot.: . . .   Conserve   : .   (shield restricted)
Res.Poison: .       Res.Corr.  : .   (helmet restricted)
Res.Elec. : .       Clarity    : .   (no cloak)
Sust.Abil.: . .     Spirit.Shd : .   (gloves unavailable)
Res.Mut.  : .       Stasis     : .   (boots unavailable)
Res.Rott. : .       Flight     : .   (no amulet)
Saprovore : . . .                    (no ring)
                                     (no ring)

@: very quick, slightly resistant to hostile enchantments, stealthy
A: unfitting armour, see invisible, herbivore 3, speed 3, slow metabolism 2
a: no special abilities


You were on level 3 of the Dungeon.
You were not hungry.

You visited 1 branch of the dungeon, and saw 3 of its levels.

You collected 129 gold pieces.

Inventory:

Hand weapons
 a - a +1,+1 dagger (weapon) {=f}
Missiles
 d - 12 darts (quivered)
Armour
 b - a +1 robe (worn)
Comestibles
 h - 4 bread rations
 r - an apple
Scrolls
 f - a scroll of recharging {unknown}
 g - 5 scrolls of identify {unknown}
 i - a scroll of enchant armour {unknown}
 k - 3 scrolls of remove curse {unknown}
 l - 2 scrolls of enchant weapon II {unknown}
 m - a scroll of noise {unknown}
 p - a scroll of magic mapping {unknown}
Jewellery
 j - an uncursed amulet of faith {unknown}
Potions
 e - a potion of porridge
 n - a potion of speed {unknown}
Books
 c - a book of Maledictions

   Spells                             Type                      Level
   *Corona                            Hexes                        1
   Sure Blade                         Hexes/Charms                 2
   *Ensorcelled Hibernation           Hexes/Ice                    2
   Confuse                            Hexes                        3
   Enslavement                        Hexes                        4
   Invisibility                       Hexes                        6
 o - a book of Enchantments

   Spells                             Type                      Level
   Cause Fear                         Hexes                        4
   Silence                            Hexes/Air                    5
   Tukima's Dance                     Hexes                        5
   Deflect Missiles                   Charms/Air                   6
   Haste                              Charms                       6
 q - a book of Debilitation

   Spells                             Type                      Level
   *Corona                            Hexes                        1
   Slow                               Hexes                        2
   Inner Flame                        Hexes/Fire                   3
   Enslavement                        Hexes                        4
   Cause Fear                         Hexes                        4
   Leda's Liquefaction                Hexes/Earth                  4


   Skills:
 * Level 2.6 Short Blades
 - Level 1.1 Throwing
 - Level 3.3 Dodging
 + Level 3.9 Stealth
 + Level 2.6 Spellcasting
 + Level 4.4 Hexes


You had 5 spell levels left.
You knew the following spells:

 Your Spells              Type           Power        Failure   Level  Hunger
a - Corona                Hex            ###....      3%          1    #......
b - Ensorcelled Hibernat  Hex/Ice        #.....       14%         2    ##.....


Dungeon Overview and Level Annotations

Branches:
Dungeon (3/27)

Altars:
Fedhas
Xom
Yredelemnul
the Shining One

Annotations
D:3 exclusion: centaur


Innate Abilities, Weirdness & Mutations

You are tiny and cannot use many weapons and most armour.
You have supernaturally acute eyesight.
You are a herbivore.
You cover ground extremely quickly.
You need consume almost no food.


Message History

A giant gecko comes into view.
Press: ? - help, v - describe, . - travel
Here: a centaur (resting)
The floor.
Placed new exclusion.
The centaur shouts!
The centaur wields a bow.
The centaur shoots an arrow.
The arrow misses you.
You see here an arrow.
The giant gecko closely misses you.
You hit the giant gecko but do no damage.
The giant gecko misses you.
You hit the giant gecko.
The giant gecko is lightly wounded.
The giant gecko closely misses you.
The centaur shoots an arrow.
The arrow hits you!
Ouch! That really hurt!
You hit the giant gecko.
The giant gecko is severely wounded.
The centaur shoots an arrow.
The arrow hits you!
You die...

###.#.....###
#.#
#.).........
#.# ######.##.#
#.# .# #.# #
#.# #.# #.#
#.######.######
#..l@.(.......#
#..#####PcPPP.#
#.


#P.PcP # # #PP_PP .PPP #. PP ## You could see a centaur and a giant gecko.

Vanquished Creatures
  4 adders
  A worm (D:1)
  2 giant geckos
  An ooze (D:1)
  5 orcs (D:3)
  7 bats
  4 hobgoblins
  2 jackals (D:1)
  2 kobolds
  A quokka (D:2)
  4 giant cockroaches
  4 giant newts
  4 goblins
  7 rats
48 creatures vanquished.

Notes
Turn   | Place    | Note
--------------------------------------------------------------
     0 | D:1      | Kae, the Spriggan Enchanter, began the quest for the Orb.
     0 | D:1      | Reached XP level 1. HP: 9/9 MP: 4/4
    18 | D:1      | Reached skill level 4 in Hexes
    90 | D:1      | Reached XP level 2. HP: 8/13 MP: 6/6
   271 | D:1      | Learned a level 2 spell: Ensorcelled Hibernation
  1108 | D:2      | Found a basalt altar of Yredelemnul.
  1162 | D:2      | Reached XP level 3. HP: 11/16 MP: 6/9
  1252 | D:2      | Found a shimmering altar of Xom.
  1254 | D:2      | Found a shimmering altar of Xom.
  1254 | D:2      | Found a shimmering altar of Xom.
  1261 | D:2      | Found a shimmering altar of Xom.
  1262 | D:2      | Found a shimmering altar of Xom.
  1262 | D:2      | Found a shimmering altar of Xom.
  1949 | D:2      | Found a glowing golden altar of the Shining One.
  2175 | D:3      | Reached XP level 4. HP: 19/21 MP: 9/12
  2554 | D:3      | Found a blossoming altar of Fedhas.
  2556 | D:3      | Noticed a centaur
  2566 | D:3      | Shot with an arrow by a centaur

Action                   |  1- 3 |  4- 6 || total
-------------------------+-------+-------++-------
Melee: Dagger            |   163 |    24 ||   187
 Cast: Ensorcelled Hiber |     7 |     5 ||    12
 Stab: Sleeping          |    11 |     6 ||    17
